 Dungeon Crawl Stone Soup version 0.31-a0-460-g9e667d4245 (webtiles) character file.

Game seed: 8053586867772846776

1017 MisterAzrael the Ruffian (level 8, -11/54 HPs)
             Began as an Octopode Shapeshifter on Aug 4, 2023.
             Was a Believer of Makhleb.
             Mangled by an ice beast (12 damage)
             ... on level 6 of the Dungeon.
             The game lasted 00:07:47 (4596 turns).

MisterAzrael the Ruffian (Octopode Shapeshifter)    Turns: 4596, Time: 00:07:47

Health: -11/54     AC:  1    Str: 15 (16) XL:     8   Next: 22%
Magic:  10/10      EV: 13    Int:  9 (10) God:    Makhleb [**....]
Gold:   284        SH:  0    Dex: 13      Spells: 7/7 levels left

rFire   + +          .
                       - Unarmed
rCold   x . .        (no shield)
rNeg    . . .        (helmet currently unavailable)
rPois   .            (no amulet)
rElec   .            c - ring of fire
rCorr   .            g - ring of willpower
SInv    .            o - ring of protection from fire
Will    +....        (no ring)
Stlth   ++           (no ring)
HPRegen 0.29/turn    (no ring)
MPRegen 0.12/turn    (no ring)
                     (no ring)

%: no passive effects
@: beast-form
A: beast (slay +3), almost no armour, amphibious, 8 rings, camouflage 1,
gelatinous body 1, (nimble swimmer 1), tentacles
a: Begin Untransformation, Renounce Religion, Minor Destruction


You were on level 6 of the Dungeon.
You worshipped Makhleb.
Makhleb was pleased with you.
You were a hulking beast.
You visited 1 branch of the dungeon, and saw 7 of its levels.
You also visited: Sewer.

You collected 284 gold pieces.

Inventory:

Missiles
 a - a throwing net
Magical Staves
 k - a staff of poison
Jewellery
 c - a ring of fire (left tentacle)
 g - a ring of willpower (right tentacle)
 o - a ring of protection from fire (on tentacle)
Talismans
 b - a beast talisman (active)
 e - a talisman of death
 m - a maw talisman
Wands
 q - a wand of flame (20)
Scrolls
 d - 2 scrolls of identify
 h - 2 scrolls of blinking
 j - 2 scrolls of fog
 n - a scroll of revelation {unknown}
 p - 3 scrolls of enchant armour
 r - a scroll of brand weapon
 s - a scroll of teleportation {unknown}
Potions
 f - 3 potions of curing
 i - 5 potions of might
 l - a potion of lignification


   Skills:
 + Level 3.7 Fighting
 - Level 2.3 Dodging
 * Level 6.1 Unarmed Combat
 + Level 3.2 Invocations
 * Level 5.5 Shapeshifting


You had 7 spell levels left.
You didn't know any spells.
Your spell library contained the following spells:

 Spells                   Type           Power      Damage    Failure   Level
 Foxfire                  Conj/Fire      0%         2x1d4     38%         1
 Blink                    Tloc           0%         N/A       52%         2
 Lesser Beckoning         Tloc           0%         N/A       52%         2
 Momentum Strike          Conj/Tloc      0%         3d8       52%         2
 Gell's Gravitas          Tloc           0%         N/A       77%         3
 Teleport Other           Tloc           0%         N/A       77%         3
 Plasma Beam              Fire/Air       0%         2x1d10    100%        6
 Starburst                Conj/Fire      0%         6d3       100%        6


Dungeon Overview and Level Annotations

Branches:
Dungeon (7/15)             Temple (0/1) D:6           Sewer (visited)

Altars:
Makhleb
Nemelex Xobeh
Okawaru

Shops:
D:5 :

Annotations:
D:5 2 transporters


Innate Abilities, Weirdness & Mutations

You are a hulking beast.
Your limbs bulge with bestial killing power. (Slay +3)
You cannot wear most types of armour.
You are amphibious.
You can wear up to eight rings at the same time.
Your skin changes colour to match your surroundings (Stealth+).
Your rubbery body absorbs attacks. (AC +1, EV +1)
((You are camouflaged when in or above water. (Stealth+)))
You have tentacles for arms and can constrict up to eight enemies at once.


Message History

An ufetubus is nearby!
You can't see any hostile targets in range.
The ufetubus shouts!
The glob of acid misses the ufetubus.
The ufetubus hits you but does no damage.
The ufetubus misses you.
You bludgeon the ufetubus!
You kill the ufetubus!
Makhleb accepts your kill.
You enter the shallow water.
An ice beast comes into view.
The puff of flame hits the ice beast but does no damage.
The glob of acid hits the ice beast!
The acid corrodes the ice beast!
The ice beast is heavily wounded.
The zap hits the ice beast.
The ice beast is heavily wounded.
The zap hits the ice beast.
The ice beast is heavily wounded.
A shadow imp comes into view.
The ice beast hits you. The ice beast freezes you!!
You feel a terrible chill!
You are too injured to fight recklessly!
You are too injured to fight recklessly!
You are too injured to fight recklessly!
You are too injured to fight recklessly!
Aiming: Minor Destruction (4% risk of failure)
Press: ? - help, Q - select action, (/) - cycle Shift-Dir - straight line, f/p - ice beast
Aim: an ice beast (heavily wounded, covered in acid)
The puff of flame hits the ice beast.
The ice beast melts!
The ice beast is severely wounded.
Something shouts, "Begone, thou paunchy motley-minded vassal!"
The ice beast hits you. The ice beast freezes you!!
You feel a terrible chill!
* * * LOW HITPOINT WARNING * * *
You hear a shout! x2
You tentacle-slap the ice beast. You squeeze the ice beast.
The ice beast is almost dead.
A centaur comes into view.
An ufetubus comes into view.
The ice beast hits you.
* * * LOW HITPOINT WARNING * * *
The ice beast freezes you!
You feel a terrible chill!
You die...

#.... .5. #.... #..
##.... ... ##..#.. ..
##♣§§§♣.. ##5##
#..§§~~P. #...#
#.~~~~~~# #..Y#
#..~~~~.# #..h#
#.P..~≈.# #####...#####
##.♣.♣...#
#...........###........#
........................
#...........###...##....
#####...##### #....#..8.
#...# #..#.#...⌠ #...#
#<......8. ## #...##
#........⌠


You could see an ice beast (corroded), a shadow imp and an ufetubus.

Vanquished Creatures
  Menkaure (D:4)
  A black bear (D:6)
  A centaur (D:6)
  A phantom (D:5)
  2 scorpions (D:5)
  2 hounds
  A gnoll bouda (D:4)
  An orc priest (D:3)
  A sleepcap (D:4)
  A hell rat (Sewer)
  2 iguanas
  7 adders
  10 gnolls
  A river rat (Sewer)
  2 shadow imps
  2 ufetubi (D:6)
  5 worms
  2 dart slugs (D:3)
  6 orcs
  12 ball pythons
  8 bats
  7 endoplasms
  6 giant cockroaches
  6 goblins
  6 hobgoblins
  3 jackals (D:3)
  3 quokkas
  2 frilled lizards
  6 kobolds
  9 rats
117 creatures vanquished.

Notes
Turn   | Place    | Note
-------+----------+-------------------------------------------
     0 | D:1      | MisterAzrael the Octopode Shapeshifter began the quest for
                  | the Orb.
     0 | D:1      | Reached XP level 1. HP: 13/13 MP: 1/1
    72 | D:1      | Reached XP level 2. HP: 16/18 MP: 2/2
   519 | D:1      | Reached XP level 3. HP: 23/23 MP: 3/3
   765 | D:2      | Reached XP level 4. HP: 29/29 MP: 4/4
  1048 | D:2      | Found a burning altar of Makhleb.
  1083 | D:2      | Became a worshipper of Makhleb the Destroyer
  1335 | D:3      | Reached skill level 4 in Unarmed Combat
  1335 | D:3      | Reached XP level 5. HP: 34/34 MP: 5/5
  1643 | D:3      | Found a sparkling altar of Nemelex Xobeh.
  1645 | D:3      | Found an iron altar of Okawaru.
  1822 | D:3      | Reached * piety under Makhleb
  2217 | D:4      | Reached skill level 1 in Invocations
  2361 | D:4      | HP: 1/35 [gnoll/+0 spear[a gnoll bouda] (6)]
  2495 | D:4      | Reached XP level 6. HP: 34/41 MP: 6/6
  3116 | D:4      | Noticed Menkaure
  3122 | D:4      | Killed Menkaure
  3123 | D:4      | Reached skill level 5 in Unarmed Combat
  3123 | D:4      | Reached XP level 7. HP: 19/45 MP: 8/8
  3479 | D:5      | Entered Level 5 of the Dungeon
  3636 | D:5      | Found a glowing drain.
  3658 | Sewer    | Entered a sewer
  3798 | D:5      | Found Ezuici's Book Emporium.
  3930 | D:5      | Found a transporter.
  3940 | D:5      | Noticed a kobold demonologist
  3949 | D:5      | Found a transporter.
  3968 | D:5      | Reached skill level 5 in Shapeshifting
  4173 | D:6      | Found a staircase to the Ecumenical Temple.
  4193 | D:6      | Reached ** piety under Makhleb
  4194 | D:6      | Reached XP level 8. HP: 34/52 MP: 10/10
  4356 | D:7      | Reached skill level 6 in Unarmed Combat
  4596 | D:6      | HP: 1/54 [ice beast (4)]
  4596 | D:6      | Mangled by an ice beast

Illustrated notes

Levels and vault maps discovered:
D:1:      dpeg_arrival_morbid_curiosity, layout_basic, minmay_misc_feat_columns
D:2:      layout_rooms, basic_altar
D:3:      layout_loops_ring, grunt_temple_overflow_open,
          minmay_misc_feat_rugged, amcnicky_mini_pool_small,
          hangedman_decor_growths
D:4:      cheibrodos_helix_gallery, layout_basic, kennysheep_small_circle,
          uniq_menkaure
D:5:      gammafunk_wand_slinger, layout_cave_pods, portal_sewer_entry_b,
          serial_park, serial_park_square1 [serial_park_minivault_5x5_1],
          serial_park_gazebo [serial_park_minivault_5x5_5],
          serial_park_tiny_pond, serial_park_tiny_pond, serial_park_square3
          [serial_park_minivault_5x5_5], serial_shops, shop, grunt_ministairs_7,
          uniq_edmund, uniq_pikel, uniq_grinder
D:6:      layout_loops_cross, minmay_temple_entry_statues_fountains,
          serial_demonic, serial_demonic_g, serial_demonic_a, serial_demonic_d,
          serial_demonic_e, serial_demonic_e, serial_demonic_d,
          serial_demonic_f, serial_demonic_c
D:7:      layout_loops_ring, nicolae_overflow_hidden_temple,
          nicolae_ossuary_entry_ruins, enter_bailey_5, minmay_misc_feat_pillars

Skill      XL: |  1  2  3  4  5  6  7  8 |
---------------+-------------------------+-----
Fighting       | 2 3 |  3.7
Unarmed Combat | 4 5 6 |  6.1
Shapeshifting  | 4 5 |  5.5
Invocations    | 1 2 3 |  3.2
Dodging        | |  2.3

Action                     |  1- 3 |  4- 6 |  7- 9 || total
---------------------------+-------+-------+-------++-------
  Melee: Unarmed           |    52 |   104 |    78 ||   234
         Constrict         |    16 |    34 |    19 ||    69
         Tentacles         |    16 |    28 |    17 ||    61
         Punch             |     3 |     3 |     4 ||    10
 Invoke: Minor Destruction |       |       |     7 ||     7
    Use: Potion            |       |     1 |     7 ||     8
         Scroll            |       |       |     8 ||     8
   Stab: Sleeping          |     4 |     5 |     3 ||    12
 Armour: Skin              |       |    14 |    11 ||    25
  Dodge: Dodged            |    31 |    42 |    62 ||   135
         Form:             |     1 |       |       ||     1
         Death             |     1 |       |       ||     1
         Beast             |     1 |       |       ||     1

Table legend: (Time is in decaauts)
 A = Elapsed time spent in this place.
 B = Non-inter-level travel time spent in this place.
 C = Inter-level travel time spent in this place.
 D = Time resting spent in this place.
 E = Time spent auto-exploring this place.
 F = Levels seen in this place.
 G = Mean time per level.
                   A        B        C        D        E       F      G
               +--------+--------+--------+--------+--------+-----+--------+
         Total |   4560 |   4438 |    122 |   1030 |   2401 |   8 |  570.0 |
       Dungeon |   4441 |   4319 |    122 |    997 |   2401 |   7 |  634.4 |
         Sewer |    118 |    118 |      0 |     33 |      0 |   1 |  118.0 |
               +--------+--------+--------+--------+--------+-----+--------+

Top non-repeatable levels by time:
     D:4: 1326 daAuts
     D:3: 978 daAuts
     D:1: 726 daAuts
     D:2: 588 daAuts
     D:6: 365 daAuts
     D:5: 312 daAuts
     D:7: 145 daAuts
   Sewer: 118 daAuts
